 Dungeon Crawl Stone Soup version 0.17-a0-2158-g6d76252 (webtiles) character file.

140 Hedron the Grave Robber (level 5, 22/28 HPs)
             Began as a Deep Elf Necromancer on Oct 25, 2015.
             Quit the game on level 3 of the Dungeon.
             The game lasted 00:09:20 (2461 turns).

Hedron the Grave Robber (Deep Elf Necromancer)      Turns: 2461, Time: 00:09:20

Health: 22/28      AC:  5    Str:  5    XL:     5   Next: 2%
Magic:  12/14      EV: 13    Int: 21    God:
Gold:   122        SH:  0    Dex: 15    Spells: 5 memorised, 2 levels left

rFire  . . .     SeeInvis .     q - +0 dagger
rCold  + . .     Clarity  .     a - +0 robe
rNeg   . . .     SustAt   +     (no shield)
rPois  .         Gourm    .     s - +0 helmet
rElec  .         Spirit   .     (no cloak)
rCorr  .         Warding  .     l - +0 pair of gloves
rMut   .         Stasis   .     h - +0 pair of boots
MR     .....                    (no amulet)
Stlth  ++........               n - ring of sustain attributes
                                t - ring of protection from cold

@: not resistant to hostile enchantments, unstealthy
A: no striking features
a: no special abilities


You were on level 3 of the Dungeon.
You were hungry.

You visited 1 branch of the dungeon, and saw 3 of its levels.

You collected 122 gold pieces.

Inventory:

Hand Weapons
 q - a +0 dagger (weapon)
 y - a +0 blowgun
Missiles
 g - 113 stones (quivered)
 o - 16 poisoned needles
Armour
 a - a +0 robe (worn)
 h - a +0 pair of boots (worn)
 l - a +0 pair of gloves (worn)
 s - a +0 helmet (worn)
Jewellery
 n - a ring of sustain attributes (right hand)
 t - a ring of protection from cold (left hand)
Wands
 x - a wand of frost (11)
Scrolls
 e - a scroll of identify
 f - a scroll of magic mapping
 m - a scroll of enchant weapon
Potions
 d - a potion of lignification {unknown}
 i - a potion of might {unknown}
 j - a potion of heal wounds {unknown}
 p - 2 potions of poison {unknown}
 r - a potion of curing {unknown}
 u - a potion of haste {unknown}
 w - a potion of ambrosia {unknown}
Books
 b - a book of Necromancy

   Spells                             Type                      Level
   a - Pain                           Necromancy                   1
   b - Animate Skeleton               Necromancy                   1
   c - Vampiric Draining              Necromancy                   3
   d - Regeneration                   Charms/Necromancy            3
   e - Animate Dead                   Necromancy                   4
   f - Control Undead                 Necromancy                   4
 k - a book of Fire

   Spells                             Type                      Level
   a - Ignite Poison                  Fire/Transmutation/Poison    3
   b - Fireball                       Conjuration/Fire             5
   c - Bolt of Fire                   Conjuration/Fire             6
   d - Delayed Fireball               Conjuration/Fire             7
   e - Ring of Flames                 Charms/Fire                  7
Comestibles
 c - 4 bread rations
 v - 5 fruits


   Skills:
 - Level 2.4 Dodging
 - Level 2.4 Stealth
 + Level 5.4 Spellcasting
 + Level 6.3 Necromancy


You had 2 spell levels left.
You knew the following spells:

 Your Spells              Type           Power        Failure   Level  Hunger
a - Pain                  Necr           ####         1%          1    None
b - Animate Skeleton      Necr           N/A          1%          1    None
c - Vampiric Draining     Necr           ####......   2%          3    ##.....
d - Regeneration          Chrm/Necr      ###.......   10%         3    ##.....
e - Animate Dead          Necr           N/A          10%         4    ####...


Dungeon Overview and Level Annotations

Branches:
Dungeon (3/15)

Altars:
Cheibriados
Ru
Trog


Message History

Confirm with . or Enter, or press ? or * to list all spells.
Aiming: Pain
Press: ? - help, Shift-Dir - straight line, f/p - orc
Aim: an orc, wielding a whip and carrying a wand of frost {zapped: 1} (moderately wounded, chance to defeat MR: 96%)
The orc convulses in agony!
The orc zaps a wand.
The puff of frost hits you! You resist.
Casting: Pain
Confirm with . or Enter, or press ? or * to list all spells.
Aiming: Pain
Press: ? - help, Shift-Dir - straight line, f/p - orc
Aim: an orc, wielding a whip and carrying a wand of frost {zapped: 2} (severely wounded, chance to defeat MR: 96%)
The orc convulses in agony!
You kill the orc!
x - a wand of frost {zapped: 2} You now have 122 gold pieces (gained 14).
Things that are here:
a whip; 4 tomahawks You start resting.
You are feeling hungry.
Are you sure you want to abandon this character and quit the game? (Confirm with "yes".)

# .# .. .###. ...
..... .... #...
.....###..#
##..#....# .
#....@...# ###..
....##.ZZ#####....
.............%.#
#####..##...### #####
#...##..##
.##....#####).##.(.#
...._......)...#..#
#..........#.........
#.........##.........


You could see a friendly hobgoblin zombie and a friendly orc skeleton.

Vanquished Creatures
  A worker ant zombie (D:3)
  Natasha (twice) (D:2)
  3 adders (D:2)
  An ooze (D:2)
  A giant gecko (D:2)
  3 orcs (D:3)
  3 giant cockroaches
  A hobgoblin (D:3)
  9 kobolds
  A ball python (D:2)
  8 bats
  2 giant newts
  6 goblins
  8 rats
49 creatures vanquished.

Vanquished Creatures (collateral kills)
  Natasha (D:2)
  An orc wizard (D:2)
  An orc (D:3)
  A bat (D:2)
4 creatures vanquished.

Grand Total: 53 creatures vanquished

Notes
Turn   | Place    | Note
--------------------------------------------------------------
     0 | D:1      | Hedron the Deep Elf Necromancer began the quest for the Orb.
     0 | D:1      | Reached XP level 1. HP: 10/10 MP: 6/6
     2 | D:1      | Learned a level 1 spell: Animate Skeleton
   293 | D:1      | Reached skill level 5 in Necromancy
   553 | D:1      | Reached XP level 2. HP: 15/15 MP: 6/8
   958 | D:2      | Reached XP level 3. HP: 1/19 MP: 0/10
  1358 | D:2      | Noticed Natasha
  1364 | D:2      | Killed Natasha
  1374 | D:2      | Learned a level 3 spell: Vampiric Draining
  1378 | D:2      | Learned a level 3 spell: Regeneration
  1454 | D:2      | Noticed Natasha
  1455 | D:2      | Killed Natasha
  1539 | D:2      | Noticed Natasha
  1539 | D:2      | Killed Natasha
  1547 | D:2      | Reached XP level 4. HP: 17/24 MP: 8/12
  1553 | D:2      | Learned a level 4 spell: Animate Dead
  1557 | D:2      | Your ally Natasha died
  1735 | D:2      | Found a sacrificial altar of Ru.
  1749 | D:2      | Reached skill level 5 in Spellcasting
  1749 | D:2      | Reached skill level 6 in Necromancy
  1752 | D:2      | Your ally Natasha died
  2003 | D:2      | Found a bloodstained altar of Trog.
  2079 | D:3      | Found a snail-covered altar of Cheibriados.
  2128 | D:3      | Reached XP level 5. HP: 8/28 MP: 0/14
  2461 | D:3      | Quit the game

Vault maps used:
D:1:      dpeg_arrival_short_road
D:2:      nicolae_overflow_hidden_temple, nicolae_ru_great_annihilating_truth,
          uniq_natasha
D:3:      grunt_gozag_breadcrumbs, cheibriados_altar_1,
          nicolae_underground_beach

Action                   |  1- 3 |  4- 6 || total
-------------------------+-------+-------++-------
Melee: Dagger            |       |    13 ||    13
 Cast: Pain              |    44 |    31 ||    75
       Animate Skeleton  |    15 |     4 ||    19
       Vampiric Draining |     2 |     3 ||     5
       Animate Dead      |       |     5 ||     5
  Use: Scroll            |     4 |     1 ||     5
  Eat: Chunk             |     2 |     3 ||     5
